 Dungeon Crawl Stone Soup version 0.25-a0-1119-g28b6fd0c3b (webtiles) character file.

Game seed: 14140035923836254838, levelgen mode: deterministic

42 hittemvvvvhard the Conjurer (level 3, -3/19 HPs)
             Began as a Tengu Conjurer on May 18, 2020.
             Slain by Duvessa
             ... wielding a +4 short sword
              (11 damage)
             ... on level 4 of the Dungeon.
             The game lasted 00:04:43 (1487 turns).

hittemvvvvhard the Conjurer (Tengu Conjurer)        Turns: 1487, Time: 00:04:43

Health: -3/19      AC:  2    Str:  8    XL:     3   Next: 54%
Magic:  1/7        EV: 12    Int: 16    God:
Gold:   96         SH:  0    Dex: 14    Spells: 0/6 levels left

rFire    . . .     SeeInvis .   a - +0 short sword
rCold    . . .     Gourm    .   (no shield)
rNeg     . . .     Faith    .   h - +0 robe
rPois    .         Spirit   .   (helmet restricted)
rElec    .         Reflect  .   (no cloak)
rCorr    .         Harm     .   (no gloves)
MR       .....                  (boots unavailable)
Stlth    ++........             (no amulet)
HPRegen  0.06/turn              m - +4 ring of slaying
MPRegen  0.10/turn              (no ring)

@: no status effects
A: beak, talons 3
a: no special abilities


You were on level 4 of the Dungeon.
You were not hungry.

You visited 1 branch of the dungeon, and saw 3 of its levels.

You collected 96 gold pieces.

Inventory:

Hand Weapons
 a - a +0 short sword (weapon)
Missiles
 d - 20 sling bullets
 Q - 40 stones (quivered)
Armour
 h - a +0 robe (worn)
 n - a +0 kite shield
Jewellery
 m - a +4 ring of slaying (left hand)
Potions
 e - a potion of stabbing {unknown}
 i - a potion of resistance {unknown}
 k - a potion of magic {unknown}
 l - a potion of brilliance {unknown}
Comestibles
 c - 4 rations
 g - a chunk of flesh


   Skills:
 - Level 2.1 Dodging
 - Level 2.0 Stealth
 - Level 2.0 Spellcasting
 + Level 6.9 Conjurations


You couldn't memorise any spells.
You knew the following spells:

 Your Spells              Type           Power        Failure   Level  Hunger
a - Magic Dart            Conj           ###.         1%          1    #......
b - Searing Ray           Conj           ###...       1%          2    ###....
c - Dazzling Flash        Conj/Hex       ##....       16%         3    ###....

Your spell library contained the following spells:

 Spells                   Type           Power        Failure   Level  Hunger
 Fulminant Prism          Conj/Hex       ##........   45%         4    #####..
 Iskenderun's Mystic Bla  Conj/Tloc      ##......     45%         4    #####..


Dungeon Overview and Level Annotations

Branches:
Dungeon (4/15)
 Temple: D:4-7

Altars:

Annotations:
D:4 Dowan, Duvessa


Innate Abilities, Weirdness & Mutations

You have a beak for a mouth.
You have claws for feet.


Message History

Duvessa barely misses you.
Okay, then.
Okay, then.
As you read the scroll labeled BIOFARELUSCHO, it crumbles to dust.
The creatures around you are filled with an inner flame!
It was a scroll of immolation.
Duvessa hits you with a +4 short sword.
* * * LOW HITPOINT WARNING * * *
You take 3 damage, and have 6/19 hp.
As you read the scroll labeled QUT ENGYDOCLO, it crumbles to dust.
You feel blessed for a moment.
It was a scroll of remove curse.
Duvessa says, "Beauty is only skin deep, and my weapons penetrate much further than that."
Duvessa hits you with a +4 short sword.
* * * LOW HITPOINT WARNING * * *
You take 4 damage, and have 2/19 hp.
MASSIVE DAMAGE!!
It was a potion of curing.
You feel better.
Duvessa says, "Where magic fails, the sword succeeds!"
Duvessa hits you with a +4 short sword!
Ouch! That really hurt!
You die...

#. #...........##
#..######....).......#
#.......#....!.....#.#
#..##.#...####.#####.#
#..#......###.# #.##
#....<.......#####...
##..%................
##.e.....#..........
##@....###........e
#.........!?.......
#.<.........##.....
#..........# #.....
##....$#... #....e
#....##.. (.....
...... ..#####

Skill      XL: |  1  2 |
---------------+-------+-----
Conjurations   | 6 |  6.9
Dodging        | |  2.1
Stealth        | |  2.0
Spellcasting   | |  2.0

Notes
Turn   | Place    | Note
-------+----------+-------------------------------------------
     0 | D:1      | hittemvvvvhard the Tengu Conjurer began the quest for the
                  | Orb.
     0 | D:1      | Reached XP level 1. HP: 10/10 MP: 4/4
   360 | D:1      | Reached XP level 2. HP: 15/15 MP: 1/6
   364 | D:1      | Learned a level 2 spell: Searing Ray
   369 | D:1      | Reached skill level 6 in Conjurations
   951 | D:1      | Reached XP level 3. HP: 19/19 MP: 5/7
   956 | D:1      | Learned a level 3 spell: Dazzling Flash
  1454 | D:2      | You fall into a shaft and drop 2 floors!
  1455 | D:4      | Noticed Duvessa
  1455 | D:4      | Noticed Dowan
  1486 | D:4      | HP: 2/19 [Duvessa/+4 short sword (4)]
  1487 | D:4      | Slain by Duvessa

Table legend:
 A = Turns spent in this place as a percentage of turns spent in the entire game.
 B = Non-inter-level travel turns spent in this place as a percentage of non-inter-level travel turns spent in the entire game.
 C = Inter-level travel turns spent in this place as a percentage of turns spent in this place.
 D = Turns resting spent in this place as a percentage of non-inter-level travel turns spent in this place.
 E = Turns spent auto-exploring this place as a percentage of non-inter-level travel turns spent in this place.
 F = Non-inter-level travel turns spent in this place divided by the number of levels of this place that you've seen.
                   A       B       C       D       E      F
               +-------+-------+-------+-------+-------+----------------------
         Total | 100.0 | 100.0 |   0.7 |  11.5 |  72.4 | 492.0
       Dungeon | 100.0 | 100.0 |   0.7 |  11.5 |  72.4 | 492.0
               +-------+-------+-------+-------+-------+----------------------

Table legend:
 A = Kills in this place as a percentage of kills in entire the game.
 B = Kills by you in this place as a percentage of kills by you in the entire game.
 C = Kills by friends in this place as a percentage of kills by friends in the entire game.
 D = Other kills in this place as a percentage of other kills in the entire game.
 E = Experience gained in this place as a percentage of experience gained in the entire game.
 F = Experience gained in this place divided by the number of levels of this place that you have seen.
                   A       B       C       D       E      F
               +-------+-------+-------+-------+-------+----------------------
         Total | 100.0 | 100.0 |   N/A |   N/A | 100.0 |  20.0
       Dungeon | 100.0 | 100.0 |   N/A |   N/A | 100.0 |  20.0
               +-------+-------+-------+-------+-------+----------------------

Action                   || total
-------------------------++-------
 Cast: Magic Dart        ||    47
       Searing Ray       ||     4
       Dazzling Flash    ||     1
  Use: Scroll            ||     2
       Potion            ||     1
  Eat: Chunk             ||     3
Dodge: Dodged            ||     3

Vanquished Creatures
  An adder (D:2)
  2 dart slugs (D:1)
  A leopard gecko (D:1)
  4 bats
  A giant cockroach (D:1)
  4 goblins (D:1)
  4 hobgoblins
  A quokka (D:2)
  A frilled lizard (D:1)
  2 kobolds (D:1)
  5 rats
26 creatures vanquished. You could see Duvessa (inner flame).

Levels and vault maps discovered:
D:1:      ebering_hopf_link, layout_rooms
D:2:      layout_basic, lemuel_round_altar
D:4:      layout_rooms, grunt_temple_overflow_cloverleaf,
          minmay_temple_entry_nine_rooms, serial_shops,
          nicolae_shop_statue_plus, first_ration, uniq_duvessa
